 Dungeon Crawl Stone Soup version 0.25-a0-339-gb37b713d4c (webtiles) character file.

Game seed: 12858634411237891212, levelgen mode: deterministic

19257 Essalna the Thaumaturge (level 12, -2/91 HPs)
             Began as a Gnoll Fire Elementalist on Dec 29, 2019.
             Was a High Priest of the Shining One.
             Slain by a five-headed hydra (3 damage)
             ... on level 1 of the Lair of Beasts.
             The game lasted 00:47:02 (15321 turns).

Essalna the Thaumaturge (Gnoll Fire Elementalist)  Turns: 15321, Time: 00:47:03

Health: -2/91      AC: 13    Str: 16    XL:     12   Next: 67%
Magic:  23/34      EV: 16    Int: 21    God:    the Shining One [*****.]
Gold:   544        SH:  0    Dex: 15    Spells: 22/29 levels left

rFire    + + .     SeeInvis .   C - +2 long sword of the Final Decision {slice, Str+3}
rCold    + . .     Gourm    +   (no shield)
rNeg     + + .     Faith    .   H - +3 ring mail {rPois}
rPois    +         Spirit   .   l - +1 helmet
rElec    .         Reflect  .   z - scarf {rC+ rF+}
rCorr    .         Harm     .   M - +0 pair of gloves
MR       .....                  (no boots)
Stlth    ++........             k - amulet of the gourmand
HPRegen  0.25/turn              U - ring of magical power
MPRegen  0.24/turn              K - ring of protection from fire

@: very slightly contaminated, glowing
A: distributed training, fangs 1, strong nose
a: Divine Shield, Cleansing Flame, Summon Divine Warrior, Renounce Religion


You were on level 1 of the Lair of Beasts.
You worshipped the Shining One.
The Shining One was extremely pleased with you.
You were completely stuffed.

You visited 2 branches of the dungeon, and saw 13 of its levels.

You collected 912 gold pieces.
You spent 368 gold pieces at shops.

Inventory:

Hand Weapons
 b - a +0 dagger
 j - a +3 whip of pain
 B - a +1 spear of venom
 C - the +2 long sword of the Final Decision (weapon) {slice, Str+3}
   (You found it on level 7 of the Dungeon)

   It inflicts extra damage upon your enemies.
   It affects your strength (+3).
Armour
 a - a +0 robe
 h - a +0 ring mail
 l - a +1 helmet (worn)
 z - a scarf of resistance (worn)
 D - a scarf of repulsion
 H - a +3 ring mail of poison resistance (worn)
 M - a +0 pair of gloves (worn)
Jewellery
 f - an uncursed ring of protection from cold
 k - an amulet of the gourmand (around neck)
 m - an uncursed ring of ice
 y - an uncursed amulet of faith
 J - an uncursed ring of flight
 K - a ring of protection from fire (right hand)
 U - a ring of magical power (left hand)
 Y - a cursed -2 ring of evasion {unknown}
Wands
 i - a wand of random effects (38)
 v - a wand of flame (18)
 x - a wand of disintegration (4)
 R - a wand of polymorph (11)
 X - a wand of acid (9)
Scrolls
 e - 10 scrolls of teleportation
 g - 4 scrolls of enchant weapon
 o - a scroll of fog {unknown}
 p - 7 scrolls of identify
 q - 7 scrolls of remove curse
 r - 2 scrolls of immolation
 u - 2 scrolls of fear
 w - 2 scrolls of enchant armour
 O - a scroll of acquirement {unknown}
 P - a scroll of amnesia
 Q - a scroll of torment {unknown}
 S - 2 scrolls of noise {unknown}
 T - a scroll of blinking {unknown}
Potions
 d - 4 potions of degeneration
 n - a potion of cancellation
 s - 4 potions of haste
 t - 6 potions of curing
 A - a potion of might
 E - 2 potions of mutation
 F - a potion of resistance {unknown}
 G - a potion of flight
 I - 3 potions of magic
 L - 2 potions of brilliance {unknown}
 N - 3 potions of agility
 V - a potion of lignification {unknown}
Comestibles
 c - 29 rations
 W - 10 chunks of flesh


   Skills:
 + Level 7.4 Fighting
 + Level 7.4 Short Blades
 + Level 7.4 Long Blades
 + Level 7.4 Axes
 + Level 7.4 Maces & Flails
 + Level 7.4 Polearms
 + Level 7.4 Staves
 + Level 7.4 Slings
 + Level 7.4 Bows
 + Level 7.4 Crossbows
 + Level 7.4 Throwing
 + Level 7.4 Armour
 + Level 8.8 Dodging
 + Level 8.5 Stealth
 + Level 7.4 Shields
 + Level 7.4 Unarmed Combat
 + Level 9.0 Spellcasting
 + Level 6.5 Conjurations
 + Level 6.1 Hexes
 + Level 6.1 Charms
 + Level 6.1 Summonings
 + Level 6.1 Necromancy
 + Level 6.1 Translocations
 + Level 6.1 Transmutations
 + Level 8.3 Fire Magic
 + Level 6.1 Ice Magic
 + Level 6.1 Air Magic
 + Level 6.1 Earth Magic
 + Level 6.1 Poison Magic
 + Level 8.1 Invocations
 + Level 7.4 Evocations


You had 22 spell levels left.
You knew the following spells:

 Your Spells              Type           Power        Failure   Level  Hunger
a - Foxfire               Conj/Fire      ####         1%          1    None
b - Sticky Flame          Conj/Fire      #####...     6%          4    ##.....
c - Swiftness             Chrm/Air       #####...     1%          2    None

Your spell library contained the following spells:

 Spells                   Type           Power        Failure   Level  Hunger
 Animate Skeleton         Necr           N/A          1%          1    None
 Confusing Touch          Hex            #####.       1%          1    None
 Corona                   Hex            #####..      1%          1    None
 Magic Dart               Conj           ####         1%          1    None
 Pain                     Necr           ####         1%          1    None
 Sandblast                Erth           #####.       1%          1    None
 Shock                    Conj/Air       ####         1%          1    None
 Ensorcelled Hibernation  Hex/Ice        #####.       1%          2    None
 Passwall                 Tmut/Erth      #####...     1%          2    None
 Searing Ray              Conj           #####.       1%          2    None
 Shroud of Golubria       Chrm/Tloc      #####.       1%          2    None
 Sublimation of Blood     Necr           #####.....   1%          2    None
 Conjure Flame            Conj/Fire      #####...     1%          3    None
 Inner Flame              Hex/Fire       #####...     1%          3    None
 Dazzling Flash           Conj/Hex       #####.       2%          3    None
 Static Discharge         Conj/Air       #####...     2%          3    None
 Stone Arrow              Conj/Erth      #####.       2%          3    None
 Confuse                  Hex            #####...     3%          3    None
 Gell's Gravitas          Tloc           #####.....   3%          3    None
 Regeneration             Chrm/Necr      #####.....   3%          3    None
 Teleport Other           Tloc           #####...     3%          3    None
 Tukima's Dance           Hex            #####...     3%          3    None
 Fulminant Prism          Conj/Hex       #####.....   9%          4    ##.....
 Iskenderun's Mystic Bla  Conj/Tloc      #####...     9%          4    ##.....
 Airstrike                Air            #####.....   10%         4    ##.....
 Animate Dead             Necr           N/A          10%         4    ##.....
 Petrify                  Tmut/Erth      #####...     10%         4    ##.....
 Fireball                 Conj/Fire      #####.....   16%         5    #####..
 Lightning Bolt           Conj/Air       #####.....   26%         5    #####..
 Excruciating Wounds      Chrm/Necr      #####.....   28%         5    #####..
 Lee's Rapid Deconstruct  Erth           #####.....   28%         5    #####..
 Metabolic Englaciation   Hex/Ice        #####.....   28%         5    #####..
 Yara's Violent Unravell  Hex/Tmut       #####.....   28%         5    #####..


Dungeon Overview and Level Annotations

Branches:
Dungeon (11/15)            Temple (0/1) D:5            Lair (2/6) D:11
    Orc (0/2) D:9
  Swamp: Lair:2-4    Shoals: Lair:2-4     Snake: Lair:2-4    Spider: Lair:2-4

Altars:
Dithmenos
Elyvilon
Fedhas
Kikubaaqudgha
Makhleb
Ru
Sif Muna
Trog
Uskayaw
Vehumet
Wu Jian
Xom
Yredelemnul
Zin
The Shining One

Shops:
D:5 *   D:8 *   D:9 [

Annotations:
D:11 3 runed translucent doors, UristMcMason's ghost, journeyman DEEE
Lair:1 2 transporters, Phong's ghost, journeyman OpVM


Innate Abilities, Weirdness & Mutations

Your experience applies equally to all skills.
You have very sharp teeth.
Your uncanny sense of smell can sniff out nearby items.


Message History

The foxfire hits the five-headed hydra.
The five-headed hydra is almost dead.
The five-headed hydra bites you but does no damage.
The five-headed hydra bites you!
* * * LOW HITPOINT WARNING * * *
The five-headed hydra bites you.
* * * LOW HITPOINT WARNING * * *
The five-headed hydra bites you but does no damage.
The five-headed hydra bites you!
* * * LOW HITPOINT WARNING * * *
Casting: Foxfire (safe; 1% risk of failure)
Confirm with . or Enter, or press ? or * to list all spells.
You conjure some foxfire!
The foxfire hits the five-headed hydra.
The five-headed hydra is almost dead.
The foxfire hits the five-headed hydra.
The five-headed hydra is almost dead.
The five-headed hydra bites you.
* * * LOW HITPOINT WARNING * * *
The five-headed hydra bites you.
You die...

#.........###....#.[##.##..#.P..Y
##......###......#8.##.##.8#....#
#....###........##FWt....##...##
#..####..........#########...##
##.## ##...................###
##.P# #..............###..#
#...## ##.............# ##.#
#....# #.....v.......###.##
##....## ##....v@D......##)#
#......####....ยง.........#.##
#........###...............P#
#.......## #..............###
.........# ###............#
.........# ##.....>....##
.........# #P##P.#....#
.........# #########.##
.........## ##.#


You could see a five-headed hydra, a spiny frog, a crocodile and Phong's ghost.

Vanquished Creatures
  A hydra (Lair:2)
  Erica (D:8)
  3 death yaks
  The ghost of qipq the Thaumaturge, a journeyman OpEE of Gozag (D:10)
  A two-headed ogre (D:11)
  2 cyclopes (D:11)
  Psyche (D:8)
  2 centaur zombies (D:11)
  3 spiny frogs
  A troll (D:8)
  Grinder (D:5)
  27 yaks
  Grum (Lair:1)
  2 chaos spawn (D:10)
  A warg (Lair:2)
  Menkaure (D:5)
  A porcupine (Lair:2)
  3 water moccasins
  4 orc warriors (D:8)
  5 ice beasts
  A black bear (D:8)
  5 sky beasts
  A phantom (D:2)
  7 ogres
  9 wolves
  3 centaurs
  2 crocodiles
  2 big kobolds
  10 bullfrogs
  2 wyvern zombies
  5 scorpions
  A water moccasin skeleton (D:7)
  17 killer bees
  A crimson imp (D:7)
  5 jellies
  7 hounds
  7 orc priests
  A quasit (D:6)
  A bullfrog skeleton (D:9)
  An iron imp (D:7)
  A gnoll shaman (D:8)
  Terence (D:2)
  2 iguanas
  14 orc wizards
  A hell rat (D:11)
  8 worker ants
  A hound skeleton (D:6)
  A howler monkey zombie (D:6)
  4 worker ant zombies
  5 gnolls (D:8)
  6 adders
  A river rat (D:11)
  7 shadow imps
  6 oozes
  3 adder skeletons
  An adder zombie (D:7)
  7 worms
  2 dart slugs
  2 leopard geckos
  45 orcs
  3 giant cockroaches
  9 goblins
  6 hobgoblins
  4 jackals (D:5)
  13 kobolds
  4 quokkas
  2 ball pythons
  9 bats
  6 frilled lizards
  A goblin skeleton (D:7)
  3 hobgoblin zombies (D:7)
  2 kobold skeletons (D:7)
  4 kobold zombies (D:7)
  An orc skeleton (D:7)
  2 orc zombies (D:7)
  2 quokka skeletons (D:5)
  8 rats
  A spectral orc (D:5)
348 creatures vanquished.

Vanquished Creatures (others)
  A human (D:3)
  A quokka (D:7)
  1371 foxfires
  2 fungi (Lair:1)
1375 creatures vanquished.

Grand Total: 1723 creatures vanquished

Notes
Turn   | Place    | Note
-------+----------+-------------------------------------------
     0 | D:1      | Essalna the Gnoll Fire Elementalist began the quest for the
                  | Orb.
     0 | D:1      | Reached XP level 1. HP: 13/13 MP: 6/6
   240 | D:1      | Reached XP level 2. HP: 19/19 MP: 5/7
  1137 | D:2      | Reached XP level 3. HP: 23/25 MP: 2/9
  1193 | D:2      | Noticed Terence
  1204 | D:2      | Killed Terence
  1204 | D:2      | Reached skill level 5 in Spellcasting
  1204 | D:2      | Reached skill level 1 in Invocations
  1282 | D:2      | Reached skill level 1 in Fighting
  1282 | D:2      | Reached skill level 1 in Short Blades
  1282 | D:2      | Reached skill level 1 in Long Blades
  1282 | D:2      | Reached skill level 1 in Axes
  1282 | D:2      | Reached skill level 1 in Maces & Flails
  1282 | D:2      | Reached skill level 1 in Polearms
  1282 | D:2      | Reached skill level 1 in Staves
  1282 | D:2      | Reached skill level 1 in Slings
  1282 | D:2      | Reached skill level 1 in Bows
  1282 | D:2      | Reached skill level 1 in Crossbows
  1282 | D:2      | Reached skill level 1 in Throwing
  1282 | D:2      | Reached skill level 1 in Armour
  1282 | D:2      | Reached skill level 1 in Shields
  1282 | D:2      | Reached skill level 1 in Unarmed Combat
  1282 | D:2      | Reached skill level 1 in Evocations
  1346 | D:2      | Reached XP level 4. HP: 30/32 MP: 11/11
  1504 | D:2      | Noticed a phantom
  1529 | D:2      | Killed a phantom
  1529 | D:2      | Reached skill level 1 in Hexes
  1529 | D:2      | Reached skill level 1 in Charms
  1529 | D:2      | Reached skill level 1 in Summonings
  1529 | D:2      | Reached skill level 1 in Necromancy
  1529 | D:2      | Reached skill level 1 in Translocations
  1529 | D:2      | Reached skill level 1 in Transmutations
  1529 | D:2      | Reached skill level 1 in Ice Magic
  1529 | D:2      | Reached skill level 1 in Air Magic
  1529 | D:2      | Reached skill level 1 in Earth Magic
  1529 | D:2      | Reached skill level 1 in Poison Magic
  1529 | D:2      | Reached XP level 5. HP: 31/37 MP: 0/12
  2097 | D:3      | Found a glowing golden altar of the Shining One.
  2100 | D:3      | Became a worshipper of the Shining One
  2387 | D:3      | Learned a level 4 spell: Sticky Flame
  2394 | D:3      | Found a shadowy altar of Dithmenos.
  2437 | D:3      | Reached XP level 6. HP: 19/44 MP: 10/13
  2673 | D:3      | Found an ancient bone altar of Kikubaaqudgha.
  2675 | D:3      | Noticed a human
  2677 | D:3      | Killed a human
  3258 | D:4      | Found a burning altar of Makhleb.
  3262 | D:4      | Found a sacrificial altar of Ru.
  3983 | D:5      | Entered Level 5 of the Dungeon
  4010 | D:5      | Reached skill level 5 in Dodging
  4126 | D:5      | Found a staircase to the Ecumenical Temple.
  4126 | D:5      | Reached * piety under the Shining One
  4226 | D:5      | Noticed Grinder
  4251 | D:5      | Killed Grinder
  4251 | D:5      | Reached XP level 7. HP: 51/51 MP: 4/15
  4398 | D:5      | Noticed Menkaure
  4403 | D:5      | Killed Menkaure
  4409 | D:5      | Reached skill level 5 in Stealth
  4600 | D:5      | Reached XP level 8. HP: 26/57 MP: 5/16
  4963 | D:6      | Learned a level 2 spell: Swiftness
  5108 | D:6      | Reached skill level 6 in Spellcasting
  5294 | D:6      | Reached ** piety under the Shining One
  5906 | D:5      | Found a shimmering blue altar of Sif Muna.
  5908 | D:5      | Found a radiant altar of Vehumet.
  5908 | D:5      | Found an ancient bone altar of Kikubaaqudgha.
  5912 | D:5      | Identified Kikubaaqudgha's Reference Book on Black Secrets
  6023 | D:5      | Found Bot Ibuc's General Store.
  6168 | D:5      | Found a basalt altar of Yredelemnul.
  6322 | D:5      | Reached XP level 9. HP: 65/65 MP: 13/18
  6596 | D:7      | Found a white marble altar of Elyvilon.
  6652 | D:7      | Found a bloodstained altar of Trog.
  7035 | D:7      | Identified the Guide on Dislocated Black Secrets
  7124 | D:7      | Found a glowing golden altar of the Shining One.
  7124 | D:7      | Reached *** piety under the Shining One
  7295 | D:7      | Got a crude long sword
  7296 | D:7      | Identified the +2 long sword of the Final Decision {slice,
                  | Str+3} (You found it on level 7 of the Dungeon)
  7297 | D:7      | Noticed a +0 hand axe
  7297 | D:7      | Noticed a +0 hand axe
  7299 | D:7      | Found a hide-covered altar of Uskayaw.
  7414 | D:7      | Found a glowing silver altar of Zin.
  7669 | D:8      | Noticed Psyche
  7676 | D:8      | Killed Psyche
  7676 | D:8      | Reached skill level 5 in Invocations
  7840 | D:8      | Noticed Erica
  7850 | D:8      | Killed Erica
  7850 | D:8      | Reached skill level 7 in Spellcasting
  7850 | D:8      | Reached XP level 10. HP: 34/73 MP: 8/20
  7915 | D:8      | Reached skill level 5 in Fighting
  7915 | D:8      | Reached skill level 5 in Short Blades
  7915 | D:8      | Reached skill level 5 in Long Blades
  7915 | D:8      | Reached skill level 5 in Axes
  7915 | D:8      | Reached skill level 5 in Maces & Flails
  7915 | D:8      | Reached skill level 5 in Polearms
  7915 | D:8      | Reached skill level 5 in Staves
  7915 | D:8      | Reached skill level 5 in Slings
  7915 | D:8      | Reached skill level 5 in Bows
  7915 | D:8      | Reached skill level 5 in Crossbows
  7915 | D:8      | Reached skill level 5 in Throwing
  7915 | D:8      | Reached skill level 5 in Armour
  7915 | D:8      | Reached skill level 5 in Shields
  7915 | D:8      | Reached skill level 5 in Unarmed Combat
  7915 | D:8      | Reached skill level 5 in Evocations
  8161 | D:8      | Found Welames's General Store.
  8164 | D:8      | Bought a +3 ring mail of poison resistance for 368 gold
                  | pieces
  8370 | D:8      | Found a blossoming altar of Fedhas.
  8406 | D:8      | Reached **** piety under the Shining One
  8588 | D:8      | Found an ornate altar of the Wu Jian Council.
  9558 | D:9      | Reached skill level 5 in Conjurations
  9727 | D:9      | Found a staircase to the Orcish Mines.
  9729 | D:9      | Found Dathrifug's Armour Shoppe.
 10238 | D:10     | Entered Level 10 of the Dungeon
 10544 | D:10     | Reached XP level 11. HP: 70/81 MP: 22/22
 10552 | D:10     | Found a runed translucent door.
 10552 | D:10     | Noticed qipq's ghost (journeyman OpEE)
 10582 | D:10     | Killed qipq's ghost
 10677 | D:10     | Reached ***** piety under the Shining One
 10819 | D:10     | Found a shimmering altar of Xom.
 10820 | D:10     | Found the +7 mace of Variability {chain chaos}
 10933 | D:10     | Reached skill level 5 in Hexes
 10933 | D:10     | Reached skill level 5 in Charms
 10933 | D:10     | Reached skill level 5 in Summonings
 10933 | D:10     | Reached skill level 5 in Necromancy
 10933 | D:10     | Reached skill level 5 in Translocations
 10933 | D:10     | Reached skill level 5 in Transmutations
 10933 | D:10     | Reached skill level 5 in Ice Magic
 10933 | D:10     | Reached skill level 5 in Air Magic
 10933 | D:10     | Reached skill level 5 in Earth Magic
 10933 | D:10     | Reached skill level 5 in Poison Magic
 11052 | D:10     | Reached skill level 8 in Spellcasting
 11396 | D:11     | Found a runed translucent gate.
 11396 | D:11     | Found a runed translucent gate.
 11396 | D:11     | Found a runed translucent gate.
 11406 | D:11     | Noticed a minotaur
 11406 | D:11     | Noticed UristMcMason's ghost (journeyman DEEE)
 11418 | D:11     | Noticed a two-headed ogre
 11434 | D:11     | Killed a two-headed ogre
 11568 | D:11     | Noticed a cyclops
 11577 | D:11     | Killed a cyclops
 11625 | D:11     | Noticed a cyclops
 11636 | D:11     | Killed a cyclops
 12235 | D:11     | Noticed a death yak
 12280 | D:11     | Found a staircase to the Lair.
 12281 | D:11     | Noticed a death yak
 12281 | D:11     | Noticed a death yak
 12332 | D:10     | Killed a death yak
 12332 | D:10     | Reached XP level 12. HP: 54/89 MP: 15/24
 12340 | D:10     | The Shining One protects you from harm!
 12344 | D:10     | Killed a death yak
 12885 | D:11     | Killed a death yak
 13139 | Lair:1   | Entered Level 1 of the Lair of Beasts
 13255 | Lair:1   | Noticed Grum
 13265 | Lair:1   | Killed Grum
 13502 | Lair:1   | Found a transporter.
 13505 | Lair:1   | Noticed Phong's ghost (journeyman OpVM)
 13512 | Lair:1   | Found a transporter.
 13740 | Lair:1   | Noticed a five-headed hydra
 13774 | Lair:1   | You fall into a shaft and drop 1 floor!
 13834 | Lair:2   | Noticed a six-headed hydra
 13843 | Lair:2   | Killed a six-headed hydra
 14665 | Lair:2   | Reached skill level 9 in Spellcasting
 15321 | Lair:1   | HP: 1/91 [five-headed hydra (5)]
 15321 | Lair:1   | Slain by a five-headed hydra

Levels and vault maps discovered:
D:1:      dpeg_arrival_oval, layout_loops_ring
D:2:      layout_basic, minmay_misc_feat_square, uniq_terence
D:3:      layout_basic, nicolae_overflow_crystal_walls, tso_oasis_becter,
          first_ration, tgw_kikubaaqudgha
D:4:      layout_basic, grunt_temple_overflow_open, bh_walls_and_bars
D:5:      layout_basic, grunt_temple_overflow_magic_moments,
          yredelemnul_forgotten_temple_becter, minmay_temple_entry_offerings,
          serial_shops, shop, uniq_grinder, uniq_menkaure
D:6:      layout_loops_ring
D:7:      layout_basic, dancing_weapons_uskayaw, elyvilon_altar_4,
          lemuel_coloured_pillars_altar, zin_statuary,
          nicolae_tso_besieged_by_evil
D:8:      layout_basic, kennysheep_little_box, nicolae_overflow_hidden_temple,
          serial_shops, nicolae_shop_behind_doors,
          hangedman_little_slice_of_home, uniq_erica, uniq_psyche
D:9:      layout_big_octagon, orc_david_3, grunt_decor_resistance
D:10:     layout_rooms, hellmonk_ghost_happy_afterlife,
          minmay_guarded_unrand_variability
D:11:     layout_roguey, dpeg_lair_monsters, maelrawn_ghost_gauntlet_escape
Lair:1:   statuecave_lemuel, layout_cave_pods, gammafunk_ghost_arena, uniq_grum
Lair:2:   beast_lair_carwin_large_1, layout_hall_layers, grunt_megastairs_3

Skill      XL: |  1  2  3  4  5  6  7  8  9 10 11 12 |
---------------+-------------------------------------+-----
Conjurations   | 2 3 4 5 6 |  6.5
Spellcasting   | 5 6 7 8 9 |  9.0
Invocations    | 1 2 3 4 5 6 7 8 |  8.1
Fighting       | 1 2 3 4 5 6 7 |  7.4
Short Blades   | 1 2 3 4 5 6 7 |  7.4
Long Blades    | 1 2 3 4 5 6 7 |  7.4
Axes           | 1 2 3 4 5 6 7 |  7.4
Maces & Flails | 1 2 3 4 5 6 7 |  7.4
Polearms       | 1 2 3 4 5 6 7 |  7.4
Staves         | 1 2 3 4 5 6 7 |  7.4
Slings         | 1 2 3 4 5 6 7 |  7.4
Bows           | 1 2 3 4 5 6 7 |  7.4
Crossbows      | 1 2 3 4 5 6 7 |  7.4
Throwing       | 1 2 3 4 5 6 7 |  7.4
Armour         | 1 2 3 4 5 6 7 |  7.4
Shields        | 1 2 3 4 5 6 7 |  7.4
Unarmed Combat | 1 2 3 4 5 6 7 |  7.4
Evocations     | 1 2 3 4 5 6 7 |  7.4
Hexes          | 1 2 3 4 5 6 |  6.1
Charms         | 1 2 3 4 5 6 |  6.1
Summonings     | 1 2 3 4 5 6 |  6.1
Necromancy     | 1 2 3 4 5 6 |  6.1
Translocations | 1 2 3 4 5 6 |  6.1
Transmutations | 1 2 3 4 5 6 |  6.1
Ice Magic      | 1 2 3 4 5 6 |  6.1
Air Magic      | 1 2 3 4 5 6 |  6.1
Earth Magic    | 1 2 3 4 5 6 |  6.1
Poison Magic   | 1 2 3 4 5 6 |  6.1
Dodging        | 5 6 7 8 |  8.8
Stealth        | 5 6 7 8 |  8.5
Fire Magic     | 6 7 8 |  8.3

Action                   |  1- 3 |  4- 6 |  7- 9 | 10-12 || total
-------------------------+-------+-------+-------+-------++-------
Melee: Unarmed           |     1 |       |       |       ||     1
       Whip              |    18 |    42 |       |       ||    60
       Bite              |     2 |     4 |    15 |    52 ||    73
       Dagger            |       |    19 |    32 |       ||    51
       Spear             |       |       |    76 |       ||    76
       Punch             |       |       |     3 |    17 ||    20
       Long sword        |       |       |    13 |   261 ||   274
 Cast: Foxfire           |    38 |   120 |   236 |   467 ||   861
       Sticky Flame      |       |       |     3 |    24 ||    27
  Use: Scroll            |     4 |       |       |    14 ||    18
       Potion            |       |     3 |       |     4 ||     7
 Stab: Sleeping          |     2 |     2 |       |       ||     4
  Eat: Chunk             |    10 |    10 |    13 |    26 ||    59
Armor: Ring mail         |     4 |    56 |    44 |   151 ||   255
       Robe              |     1 |       |       |       ||     1
Dodge: Dodged            |    15 |    88 |   114 |   396 ||   613
       Rpst.: Long sword |       |       |     4 |   111 ||   115

Table legend:
 A = Non-vault XP
 B = Vault XP
 C = Vault XP percentage of total XP
 D = Non-vault monster count
 E = Vault monster count
 F = Vault count percentage of total count
                 A         B        C        D         E       F
            +---------+---------+-------+---------+---------+-------
      Total |   18499 |    9012 |  32.8 |     294 |      54 |  15.5
            +---------+---------+-------+---------+---------+-------
        D:1 |      32 |       0 |   0.0 |      19 |       0 |   0.0
        D:2 |     176 |      38 |  17.8 |      21 |       1 |   4.5
        D:3 |      84 |       0 |   0.0 |      24 |       0 |   0.0
        D:4 |     109 |       0 |   0.0 |      10 |       0 |   0.0
        D:5 |     584 |     447 |  43.4 |      22 |       3 |  12.0
        D:6 |     736 |       0 |   0.0 |      21 |       0 |   0.0
        D:7 |    1456 |      53 |   3.5 |      27 |      14 |  34.1
        D:8 |    1103 |    1971 |  64.1 |      22 |      13 |  37.1
        D:9 |     943 |       6 |   0.6 |      25 |       2 |   7.4
       D:10 |    3243 |    3044 |  48.4 |      48 |       5 |   9.4
       D:11 |    6834 |     939 |  12.1 |      37 |       4 |   9.8
     Lair:1 |    2201 |     427 |  16.2 |      12 |       3 |  20.0
     Lair:2 |     998 |    2087 |  67.6 |       6 |       9 |  60.0
            +---------+---------+-------+---------+---------+-------
